 Dungeon Crawl Stone Soup version 0.31-a0-221-gbddc013574 (webtiles) character file.

Game seed: 6406203344455572944

36276 qw the Cleaver (level 13, -5/84 HPs)
             Began as a Gargoyle Fighter on July 3, 2023.
             Was an Elder of Okawaru.
             Slain by a four-headed hydra (11 damage)
             ... on level 5 of the Lair of Beasts.
             The game lasted 00:06:09 (13289 turns).

qw the Cleaver (Gargoyle Fighter)                  Turns: 13289, Time: 00:06:10

Health: -5/84      AC: 33    Str: 23    XL:     13   Next: 89%
Magic:  20/20      EV:  9    Int:  9    God:    Okawaru [****..]
Gold:   602        SH:  7    Dex:  9    Spells: 12/12 levels left

rFire   + + +        r - +0 morningstar
rCold   + . .        j - +1 buckler {rN+}
rNeg    + + .        c - +1 plate armour
rPois   inf          m - +2 helmet
rElec   +            p - +1 cloak of Muposib {rPois rF++ Str-2 Stlth+}
rCorr   .            (no gloves)
SInv    .            (no boots)
Will    .....        (no amulet) Stlth
                     u - ring of protection from fire
HPRegen 0.34/turn    x - ring of protection from cold
MPRegen 0.17/turn

%: no passive effects
@: heroic
A: sickness immunity, AC +9, negative energy resistance 1, electricity
resistance, torment resistance 1, petrification resistance
a: Renounce Religion, Heroism, Finesse


You were on level 5 of the Lair of Beasts.
You worshipped Okawaru.
Okawaru was greatly pleased with you.
You visited 3 branches of the dungeon, and saw 14 of its levels.
You also visited: Gauntlet.

You collected 790 gold pieces.
You spent 188 gold pieces at shops.


Innate Abilities, Weirdness & Mutations

You are immune to sickness and miasma.
Your stone body is resilient. (AC +9)
You are immune to poison.
You resist negative energy. (rN+)
You are resistant to electric shocks. (rElec)
You are resistant to unholy torment.
You are immune to petrification.


   Skills:
 - Level 11.0(16.0) Fighting
 + Level 14.6(19.6) Axes
 - Level 4.0(9.0) Throwing
 - Level 10.0(15.0) Armour
 - Level 2.0(7.0) Dodging
 - Level 7.0(12.0) Shields
 - Level 10.0 Invocations


You had 12 spell levels left.
You didn't know any spells.
Your spell library was empty.

Inventory:

Hand Weapons
 o - a +0 spectral war axe
 r - a +0 morningstar (weapon)
 t - the +8 mithril axe "Arga" {speed, Will+}
   (You acquired it on level 4 of the Lair of Beasts)

   Will:      It increases your willpower.
Missiles
 n - 2 javelins (quivered)
 q - 2 boomerangs
Armour
 a - a +2 chain mail of cold resistance
 c - a +1 plate armour (worn)
 h - a scarf of resistance
 j - a +1 buckler of positive energy (worn)
 m - a +2 helmet (worn)
 p - the +1 cloak of Muposib (worn) {rPois rF++ Str-2 Stlth+}
   (Okawaru gifted it to you on level 5 of the Lair of Beasts)

   Str:       It affects your strength (-2).
   rF:        It greatly protects you from fire.
   rPois:     It protects you from poison.
   Stlth:     It makes you more stealthy.
Jewellery
 u - a ring of protection from fire (left hand)
 v - a ring of fire
 x - a ring of protection from cold (right hand)
Wands
 s - a wand of digging (9)
Scrolls
 k - 11 scrolls of identify
 w - a scroll of brand weapon
 y - a scroll of enchant weapon
Potions
 b - 2 potions of attraction
 d - 3 potions of might
 e - 3 potions of magic
 f - a potion of mutation
 g - a potion of resistance
 i - 4 potions of curing
 l - a potion of lignification

Dungeon Overview and Level Annotations

Branches:
Dungeon (8/15)             Temple (1/1) D:4            Lair (5/5) D:8
  Swamp (0/4) Lair:2        Snake (0/4) Lair:2      Gauntlet (visited)
  Slime: Lair:4-5

Altars:
Ashenzari
Cheibriados
Dithmenos
Elyvilon
Fedhas
Gozag
Hepliaklqana
Kikubaaqudgha
Nemelex Xobeh
Okawaru
Qazlal
Ru
Sif Muna
Uskayaw
Vehumet
Wu Jian
Xom
Zin

Shops:
D:2 ?   D:3 ?*(   D:4 **   D:8 (

Annotations:
D:3 2 transporters, 1 runed translucent door, Crazy Yiuf
D:4 1 runed translucent door, qw's ghost, amateur GrFi
D:8 exclusion: moth of wrath


Message History

The snapping turtle barely misses you.
You hit the four-headed hydra.
The four-headed hydra is lightly wounded.
The four-headed hydra bites you but does no damage.
You block the four-headed hydra's attack. x2
The four-headed hydra barely misses you.
The snapping turtle barely misses you.
You hit the elephant.
The elephant is moderately wounded.
You block the elephant's attack. The elephant trunk-slaps you.
The four-headed hydra bites you but does no damage.
You block the four-headed hydra's attack.
The four-headed hydra bites you but does no damage.
The four-headed hydra misses you.
You hit the elephant.
The elephant is moderately wounded.
The snapping turtle barely misses you.
You hit the elephant.
The elephant is heavily wounded.
The elephant barely misses you.
The elephant trunk-slaps you but does no damage.
The four-headed hydra bites you but does no damage. x2
You block the four-headed hydra's attack.
The four-headed hydra bites you but does no damage.
The snapping turtle bites you from afar.
You hit the elephant but do no damage.
The elephant is heavily wounded.
You block the elephant's attack.
The elephant trunk-slaps you but does no damage.
The four-headed hydra barely misses you.
The four-headed hydra bites you but does no damage. x2
The four-headed hydra bites you! The snapping turtle misses you.
You hit the elephant but do no damage.
The elephant is heavily wounded.
The elephant completely misses you. The elephant closely misses you.
You hit the elephant but do no damage.
The elephant is heavily wounded.
The four-headed hydra closely misses you.
The four-headed hydra bites you!
You die...

#.####.###..# #~~. #
#...#...##.### (##...# #.#
#..#...PP....#
~(~...#.#.....P###.P...#.#
.............####......#
#.....####### #......##
##.#(.... ### ##..#.##
........####.# ###..##.###.
##..lhY@..###.#.%.P.#...
........tD.................
...#....P...#......P#..#..#
. ##...#..#.....#.....).#
##.................####
##......##..........#.
#...P#.....#..#.#.....
##P?##.P#...#..#...#..
.......##.P##.#%%%....


You could see a four-headed hydra, an elephant, a snapping turtle, a komodo
dragon and a wolf.

Vanquished Creatures
  A minotaur (Gauntlet)
  4 hydras
  A catoblepas (Gauntlet)
  A tengu warrior (D:8)
  Nergalle (Lair:3)
  A skyshark (Lair:4)
  A sea snake (Lair:5)
  A bog body (Lair:2)
  Pikel (D:6)
  A salamander (Lair:2)
  14 elephants
  3 black mambas
  An apocalypse crab (Gauntlet)
  8 cane toads
  A gargoyle (Gauntlet)
  Maggie (D:6)
  2 molten gargoyles (Gauntlet)
  4 komodo dragons
  A rime drake (Lair:3)
  A troll (D:8)
  15 polar bears
  13 blink frogs
  Grinder (D:5)
  A hornet (Lair:5)
  Prince Ribbit (D:5)
  5 dream sheep (Lair:5)
  2 wyverns
  23 yaks
  A steam dragon (Lair:2)
  Menkaure (D:6)
  11 water moccasins
  9 black bears
  An ice beast (D:5)
  An orc warrior (D:8)
  2 ogres (D:5)
  22 wolves
  A centaur (D:8)
  2 kobold brigands
  9 bullfrogs
  Blork the orc (D:5)
  2 scorpions
  A gnoll sergeant (D:6)
  18 wights
  3 killer bees (D:8)
  5 electric eels
  4 lava snakes (Lair:2)
  2 hounds (D:8)
  3 jellies
  2 gnoll boudas
  3 orc priests
  4 iguanas
  2 sleepcaps
  3 orc wizards
  Natasha (D:2)
  Robin (D:2)
  4 adders
  13 gnolls
  4 white imps
  2 worms (D:2)
  2 dart slugs (D:5)
  12 orcs
  5 endoplasms
  A giant cockroach (D:3)
  11 goblins
  9 hobgoblins
  2 quokkas (D:2)
  7 ball pythons
  5 bats
  12 kobolds
  3 rats
317 creatures vanquished.

Vanquished Creatures (others)
  A killer bee (D:8)
  3 spectral weapons
4 creatures vanquished.

Grand Total: 321 creatures vanquished

Notes
Turn   | Place    | Note
-------+----------+-------------------------------------------
     0 | D:1      | qw the Gargoyle Fighter began the quest for the Orb.
     0 | D:1      | Reached XP level 1. HP: 14/14 MP: 1/1
     0 | D:1      | 0 ||| qw: Version: 0.3-a-40-ge99b1a8
     0 | D:1      | 0 ||| qw: Game counter: 577
     0 | D:1      | 0 ||| qw: Melee chars always use a shield: true
     0 | D:1      | 0 ||| qw: God list: Okawaru
     0 | D:1      | 0 ||| qw: Allow faded altars: false
     0 | D:1      | 0 ||| qw: Do Orc after clearing Dungeon:15 true
     0 | D:1      | 0 ||| qw: Do second Lair branch before Depths: true
     0 | D:1      | 0 ||| qw: Lair rune preference: random
     0 | D:1      | 0 ||| qw: Goals: Normal, Zot:1-4, Slime:5, God:TSO, Crypt,
                  | Tomb, Abyss, Pan, Hells, Win
     0 | D:1      | 0 ||| PLANNING D:1-11
    25 | D:1      | Reached skill level 2 in Axes
   148 | D:1      | Reached XP level 2. HP: 9/19 MP: 2/2
   608 | D:1      | 608 ||| UPGRADING to +0 chain mail.
   618 | D:1      | 618 ||| DROPPING +0 scale mail.
   651 | D:2      | Reached skill level 3 in Axes
   771 | D:2      | Reached XP level 3. HP: 22/23 MP: 3/3
   780 | D:2      | 780 ||| Stepping ~*~*~tactically~*~*~ (hiding).
  1060 | D:2      | Found The Oracle's Delphic Readings.
  1070 | D:2      | 1070 ||| BUYING scroll of identify (22 gold).
  1070 | D:2      | Bought a scroll of identify for 22 gold pieces
  1070 | D:2      | 1070 ||| BUYING scroll of identify (22 gold).
  1070 | D:2      | Bought a scroll of identify for 22 gold pieces
  1098 | D:2      | Noticed Natasha
  1099 | D:2      | 1099 ||| Stepping ~*~*~tactically~*~*~ (hiding).
  1105 | D:2      | Killed Natasha
  1106 | D:2      | Reached XP level 4. HP: 15/28 MP: 4/4
  1456 | D:2      | Noticed Robin
  1462 | D:2      | Reached skill level 1 in Throwing
  1469 | D:2      | Killed Robin
  1470 | D:2      | Reached skill level 4 in Axes
  1626 | D:2      | 1626 ||| UPGRADING to +2 helmet.
  1631 | D:2      | 1631 ||| READING scroll labelled WEIMEARINI.
  1632 | D:2      | 1632 ||| READING scroll labelled CUFROTW ECVOZO.
  1649 | D:2      | 1649 ||| READING 3 scrolls of identify.
  1649 | D:2      | 1649 ||| IDENTIFYING lumpy clear potion
  1650 | D:2      | 1650 ||| READING 2 scrolls of identify.
  1650 | D:2      | 1650 ||| IDENTIFYING viscous clear potion
  1865 | D:3      | Found a blossoming altar of Fedhas.
  1916 | D:3      | 1916 ||| DROPPING +0 whip.
  1957 | D:3      | 1957 ||| Stepping ~*~*~tactically~*~*~ (stealth).
  1971 | D:3      | Found a transporter.
  1976 | D:3      | Found Dacumefae's Assorted Antiques.
  2008 | D:3      | Found a runed translucent door.
  2009 | D:3      | Noticed Crazy Yiuf
  2059 | D:3      | Found a snail-covered altar of Cheibriados.
  2095 | D:3      | Found Gisak's Antique Weapon Emporium.
  2100 | D:3      | 2100 ||| SHOPLISTING crude war axe (195 gold, have 126).
  2100 | D:3      | 2100 ||| SHOPLISTING glowing morningstar (161 gold, have
                  | 126).
  2287 | D:3      | Found a transporter.
  2327 | D:3      | Found Wahiapiss's Magic Scroll Emporium.
  2337 | D:3      | 2337 ||| BUYING scroll of identify (24 gold).
  2337 | D:3      | Bought a scroll of identify for 24 gold pieces
  2337 | D:3      | 2337 ||| BUYING scroll of identify (24 gold).
  2337 | D:3      | Bought a scroll of identify for 24 gold pieces
  2337 | D:3      | 2337 ||| BUYING scroll of identify (24 gold).
  2337 | D:3      | Bought a scroll of identify for 24 gold pieces
  2337 | D:3      | 2337 ||| BUYING scroll of teleportation (36 gold).
  2337 | D:3      | Bought a scroll of teleportation for 36 gold pieces
  2337 | D:3      | 2337 ||| BUYING scroll of teleportation (36 gold).
  2337 | D:3      | Bought a scroll of teleportation for 36 gold pieces
  2345 | D:3      | 2345 ||| Stepping ~*~*~tactically~*~*~ (stealth).
  2347 | D:3      | 2347 ||| Stepping ~*~*~tactically~*~*~ (hiding).
  2367 | D:3      | Reached XP level 5. HP: 31/32 MP: 5/5
  2588 | D:3      | 2588 ||| READING scroll labelled HULEWN BUILOESIEKH.
  2589 | D:3      | 2589 ||| READING 2 scrolls labelled WAMAZXOMESM.
  2590 | D:3      | 2590 ||| READING scroll of brand weapon.
  2590 | D:3      | 2590 ||| BRANDING +0 war axe of freezing.
  2591 | D:3      | 2591 ||| READING scroll labelled ESYEJI VITOYPEO.
  2592 | D:3      | 2592 ||| READING 4 scrolls of identify.
  2592 | D:3      | 2592 ||| IDENTIFYING murky sapphire potion
  2593 | D:3      | 2593 ||| READING 3 scrolls of identify.
  2593 | D:3      | 2593 ||| IDENTIFYING cyan potion
  2594 | D:3      | 2594 ||| READING 2 scrolls of identify.
  2594 | D:3      | 2594 ||| IDENTIFYING smoky yellow potion
  2595 | D:3      | 2595 ||| DROPPING potion of degeneration.
  2621 | D:4      | Found Xeh Wotz's Gadget Gallery.
  2738 | D:4      | Found an ornate altar of the Wu Jian Council.
  2757 | D:4      | Reached skill level 5 in Axes
  2840 | D:4      | Found Gozag's Platinum Reserve.
  2843 | D:4      | Found a staircase to the Ecumenical Temple.
  2844 | D:4      | 2844 ||| PLANNING TEMPLE
  2862 | D:4      | 2862 ||| READING scroll labelled XUORUKI XUPIAT.
  2871 | Temple   | Entered the Ecumenical Temple
  2883 | Temple   | 2883 ||| PLANNING D:1-11
  2919 | D:4      | 2919 ||| FLEEEEING.
  2920 | D:4      | 2920 ||| FLEEEEING.
  2921 | D:4      | 2921 ||| FLEEEEING.
  2922 | D:4      | 2922 ||| FLEEEEING.
  2923 | D:4      | 2923 ||| FLEEEEING.
  2926 | D:4      | 2926 ||| Stepping ~*~*~tactically~*~*~ (stealth).
  2927 | D:4      | 2927 ||| Stepping ~*~*~tactically~*~*~ (stealth).
  3026 | D:4      | Found a white marble altar of Elyvilon.
  3196 | D:4      | Found a runed translucent door.
  3200 | D:4      | Noticed qw's ghost (amateur GrFi)
  3216 | D:4      | Found an opulent altar of Gozag.
  3235 | D:4      | 3235 ||| SHOPLISTING +4 scale mail of Jinearih {Dex+5}
                  | (4150 gold, have 102).
  3235 | D:4      | 3235 ||| SHOPLISTING amulet "Egaim" {Reflect rF- Int+4
                  | Slay+5 SH+5} (5940 gold, have 102).
  3235 | D:4      | 3235 ||| SHOPLISTING ring "Xyufei Menk" {rElec Will+++ EV+5
                  | Str-3 Int-3} (6540 gold, have 102).
  3235 | D:4      | 3235 ||| SHOPLISTING ring of Xom's Full Attention {rN+
                  | Will+ Dex+6 SInv} (5700 gold, have 102).
  3300 | D:4      | 3300 ||| Stepping ~*~*~tactically~*~*~ (hiding).
  3301 | D:4      | 3301 ||| Stepping ~*~*~tactically~*~*~ (hiding).
  3302 | D:4      | 3302 ||| Stepping ~*~*~tactically~*~*~ (hiding).
  3303 | D:4      | 3303 ||| Stepping ~*~*~tactically~*~*~ (hiding).
  3304 | D:4      | 3304 ||| Stepping ~*~*~tactically~*~*~ (hiding).
  3504 | D:4      | 3504 ||| READING scroll labelled CIAGGI EJANEIF.
  3505 | D:4      | 3505 ||| DRINKING 2 brown potions.
  3533 | D:5      | Entered Level 5 of the Dungeon
  3539 | D:5      | Noticed Prince Ribbit
  3564 | D:5      | Killed Prince Ribbit
  3565 | D:5      | Reached XP level 6. HP: 31/40 MP: 6/6
  3667 | D:5      | Noticed a water moccasin
  3674 | D:5      | Killed a water moccasin
  3675 | D:5      | Reached XP level 7. HP: 44/44 MP: 7/7
  3701 | D:5      | Noticed Blork the orc
  3702 | D:5      | 3702 ||| Stepping ~*~*~tactically~*~*~ (hiding).
  3706 | D:5      | 3706 ||| Stepping ~*~*~tactically~*~*~ (hiding).
  3714 | D:5      | Killed Blork the orc
  3715 | D:5      | Reached skill level 6 in Axes
  3746 | D:5      | Reached skill level 1 in Dodging
  3772 | D:5      | 3772 ||| Stepping ~*~*~tactically~*~*~ (hiding).
  4093 | D:5      | Found a radiant altar of Vehumet.
  4120 | D:5      | Noticed Grinder
  4121 | D:5      | 4121 ||| Stepping ~*~*~tactically~*~*~ (hiding).
  4126 | D:5      | Paralysed by Grinder for 2 turns
  4130 | D:5      | Killed Grinder
  4131 | D:5      | Reached skill level 3 in Throwing
  4131 | D:5      | Reached XP level 8. HP: 50/50 MP: 8/8
  4856 | D:6      | 4856 ||| STAIRDANCE
  4862 | D:5      | Reached skill level 7 in Axes
  4980 | D:6      | Noticed Menkaure
  4988 | D:6      | Killed Menkaure
  5001 | D:6      | Reached skill level 8 in Axes
  5120 | D:6      | Reached skill level 6 in Fighting
  5256 | D:6      | Noticed Pikel
  5257 | D:6      | 5257 ||| Stepping ~*~*~tactically~*~*~ (hiding).
  5283 | D:6      | Killed Pikel
  5284 | D:6      | Reached skill level 9 in Axes
  5284 | D:6      | Reached XP level 9. HP: 49/55 MP: 9/9
  5333 | D:6      | Noticed Maggie
  5342 | D:6      | Killed Maggie
  5359 | D:6      | HP: 13/56 [wight/+0 morningstar (5)]
  5360 | D:6      | 5360 ||| READING 3 scrolls of teleportation.
  5361 | D:6      | 5361 ||| DRINKING 4 potions of heal wounds.
  5363 | D:6      | Found a shadowy altar of Dithmenos.
  5435 | D:6      | 5435 ||| DROPPING +0 flail.
  5657 | D:6      | 5657 ||| Stepping ~*~*~tactically~*~*~ (hiding).
  5991 | D:6      | 5991 ||| UPGRADING to +2 chain mail of cold resistance.
  6001 | D:6      | 6001 ||| DROPPING +0 chain mail.
  6002 | D:6      | 6002 ||| READING scroll labelled NIEPOSTUEBAKH.
  6003 | D:6      | 6003 ||| READING 2 scrolls of identify.
  6003 | D:6      | 6003 ||| IDENTIFYING fizzy brown potion
  6246 | D:7      | Found a shimmering blue altar of Sif Muna.
  6331 | D:7      | Found an iron altar of Okawaru.
  6332 | D:7      | 6332 ||| PLANNING OKAWARU WORSHIP
  6332 | D:7      | 6332 ||| UPGRADING to scarf of resistance.
  6337 | D:7      | 6337 ||| READING scroll labelled PEUMOCRUOT.
  6341 | D:7      | Became a worshipper of Warmaster Okawaru
  6342 | D:7      | 6342 ||| PLANNING D:1-11
  6404 | D:7      | Found a stormy altar of Qazlal.
  6620 | D:7      | Reached skill level 10 in Axes
  6629 | D:7      | Reached XP level 10. HP: 59/63 MP: 10/10
  6751 | D:7      | 6751 ||| Stepping ~*~*~tactically~*~*~ (hiding).
  7048 | D:7      | 7048 ||| DROPPING ring of flight.
  7168 | D:8      | Noticed a moth of wrath
  7186 | D:8      | 7186 ||| Stepping ~*~*~tactically~*~*~ (stealth).
  7187 | D:8      | 7187 ||| Stepping ~*~*~tactically~*~*~ (stealth).
  7200 | D:8      | Reached * piety under Okawaru
  7207 | D:8      | Reached skill level 1 in Invocations
  7274 | D:8      | 7274 ||| Stepping ~*~*~tactically~*~*~ (stealth).
  7345 | D:8      | 7345 ||| Stepping ~*~*~tactically~*~*~ (stealth).
  7346 | D:8      | 7346 ||| Stepping ~*~*~tactically~*~*~ (stealth).
  7351 | D:8      | 7351 ||| INVOKING Heroism.
  7371 | D:8      | 7371 ||| INVOKING Heroism.
  7385 | D:8      | Found a staircase to the Lair.
  7390 | D:8      | Reached skill level 3 in Invocations
  7412 | D:8      | 7412 ||| INVOKING Heroism.
  7516 | D:8      | Noticed a tengu warrior
  7517 | D:8      | 7517 ||| INVOKING Heroism.
  7538 | D:8      | Killed a tengu warrior
  7539 | D:8      | Reached skill level 11 in Axes
  7770 | D:8      | Found the +18 Lear's hauberk
  7817 | D:8      | Found a flagged portal.
  7847 | D:8      | Found Ishykoex's Weapon Shoppe.
  7898 | D:8      | 7898 ||| PLANNING LAIR
  7898 | D:8      | 7898 ||| UPGRADING to +1 buckler of positive energy.
  7908 | D:8      | 7908 ||| DROPPING +0 buckler.
  7944 | Lair:1   | Entered Level 1 of the Lair of Beasts
  7949 | Lair:1   | Noticed a cane toad
  7949 | Lair:1   | Noticed a cane toad
  7950 | Lair:1   | 7950 ||| INVOKING Heroism.
  7957 | Lair:1   | Killed a cane toad
  7958 | Lair:1   | Killed a cane toad
  8072 | Lair:1   | Noticed a cane toad
  8073 | Lair:1   | 8073 ||| INVOKING Heroism.
  8083 | Lair:1   | Killed a cane toad
  8084 | Lair:1   | Reached XP level 11. HP: 57/69 MP: 12/14
  8135 | Lair:1   | 8135 ||| Stepping ~*~*~tactically~*~*~ (stealth).
  8176 | Lair:1   | 8176 ||| INVOKING Heroism.
  8182 | Lair:1   | Reached skill level 9 in Fighting
  8229 | Lair:1   | 8229 ||| INVOKING Heroism.
  8233 | Lair:1   | Reached skill level 6 in Armour
  8310 | Lair:1   | Identified the +1 leather armour of the Mind {Dex+3}
  8346 | Lair:1   | 8346 ||| Stepping ~*~*~tactically~*~*~ (stealth).
  8382 | Lair:1   | 8382 ||| INVOKING Heroism.
  8392 | Lair:1   | Reached ** piety under Okawaru
  8400 | Lair:1   | Reached skill level 12 in Axes
  8412 | Lair:1   | 8412 ||| INVOKING Heroism.
  8687 | Lair:1   | Reached skill level 6 in Shields
  9070 | Lair:1   | 9070 ||| UPGRADING to +0 plate armour.
  9080 | Lair:1   | 9080 ||| READING scroll of enchant armour.
  9080 | Lair:1   | 9080 ||| ENCHANTING +0 plate armour.
  9127 | Lair:2   | Noticed an eight-headed hydra
  9128 | Lair:2   | 9128 ||| INVOKING Heroism.
  9132 | Lair:2   | 9132 ||| SWAPPING to +0 morningstar.
  9139 | Lair:2   | HP: 15/71 [eight-headed hydra (5)]
  9140 | Lair:2   | 9140 ||| READING 4 scrolls of teleportation.
  9141 | Lair:2   | 9141 ||| DRINKING 3 potions of heal wounds.
  9142 | Lair:2   | Killed an eight-headed hydra
  9143 | Lair:2   | 9143 ||| SWAPPING to +0 spectral war axe.
  9155 | Lair:2   | 9155 ||| INVOKING Heroism.
  9157 | Lair:2   | HP: 17/71 [black mamba (10)]
  9158 | Lair:2   | 9158 ||| READING 3 scrolls of teleportation.
  9159 | Lair:2   | 9159 ||| DRINKING 2 potions of heal wounds.
  9164 | Lair:2   | Found a staircase to the Swamp.
  9164 | Lair:2   | Noticed a bog body
  9167 | Lair:2   | Reached *** piety under Okawaru
  9169 | Lair:2   | Killed a bog body
  9254 | Lair:2   | 9254 ||| INVOKING Heroism.
  9257 | Lair:2   | 9257 ||| Stepping ~*~*~tactically~*~*~ (water).
  9298 | Lair:2   | 9298 ||| Stepping ~*~*~tactically~*~*~ (stealth).
  9306 | Lair:2   | 9306 ||| INVOKING Heroism.
  9310 | Lair:2   | 9310 ||| Stepping ~*~*~tactically~*~*~ (stealth).
  9330 | Lair:2   | 9330 ||| INVOKING Heroism.
  9364 | Lair:2   | 9364 ||| Stepping ~*~*~tactically~*~*~ (stealth).
  9365 | Lair:2   | 9365 ||| Stepping ~*~*~tactically~*~*~ (stealth).
  9378 | Lair:2   | 9378 ||| Stepping ~*~*~tactically~*~*~ (stealth).
  9382 | Lair:2   | 9382 ||| INVOKING Heroism.
  9395 | Lair:2   | Reached XP level 12. HP: 77/77 MP: 13/15
  9400 | Lair:2   | 9400 ||| Stepping ~*~*~tactically~*~*~ (stealth).
  9401 | Lair:2   | 9401 ||| Stepping ~*~*~tactically~*~*~ (stealth).
  9409 | Lair:2   | 9409 ||| INVOKING Heroism.
  9412 | Lair:2   | 9412 ||| Stepping ~*~*~tactically~*~*~ (stealth).
  9433 | Lair:2   | 9433 ||| INVOKING Heroism.
  9444 | Lair:2   | Reached skill level 13 in Axes
  9460 | Lair:2   | Noticed an eight-headed hydra
  9461 | Lair:2   | 9461 ||| SWAPPING to +0 morningstar.
  9464 | Lair:2   | 9464 ||| INVOKING Heroism.
  9468 | Lair:2   | Reached skill level 9 in Armour
  9474 | Lair:2   | Killed an eight-headed hydra
  9474 | Lair:2   | Reached **** piety under Okawaru
  9475 | Lair:2   | 9475 ||| SWAPPING to +0 spectral war axe.
  9628 | Lair:2   | 9628 ||| INVOKING Heroism.
 10077 | Lair:2   | Found a staircase to the Snake Pit.
 10086 | Lair:2   | 10086 ||| FLEEEEING.
 10087 | Lair:2   | 10087 ||| FLEEEEING.
 10088 | Lair:2   | 10088 ||| FLEEEEING.
 10097 | Lair:2   | 10097 ||| STAIRDANCE
 10138 | Lair:1   | 10138 ||| READING scroll labelled FOODOGADDIYDD.
 10378 | Lair:2   | 10378 ||| Stepping ~*~*~tactically~*~*~ (stealth).
 10379 | Lair:2   | 10379 ||| Stepping ~*~*~tactically~*~*~ (stealth).
 10433 | Lair:3   | 10433 ||| Stepping ~*~*~tactically~*~*~ (stealth).
 10435 | Lair:3   | 10435 ||| Stepping ~*~*~tactically~*~*~ (stealth).
 10437 | Lair:3   | 10437 ||| INVOKING Heroism.
 10486 | Lair:3   | 10486 ||| INVOKING Heroism.
 10496 | Lair:3   | Received a gift from Okawaru
 10505 | Lair:3   | HP: 16/77 [blink frog (11)]
 10506 | Lair:3   | 10506 ||| READING 2 scrolls of teleportation.
 10507 | Lair:3   | 10507 ||| DRINKING potion of heal wounds.
 10509 | Lair:3   | 10509 ||| FLEEEEING.
 10510 | Lair:3   | 10510 ||| INVOKING Heroism.
 10644 | Lair:3   | Noticed Nergalle
 10645 | Lair:3   | 10645 ||| INVOKING Heroism.
 10656 | Lair:3   | Killed Nergalle
 10657 | Lair:3   | Reached skill level 14 in Axes
 10692 | Lair:3   | 10692 ||| Stepping ~*~*~tactically~*~*~ (stealth).
 10694 | Lair:3   | 10694 ||| INVOKING Heroism.
 10792 | Lair:3   | 10792 ||| INVOKING Heroism.
 10885 | Lair:3   | 10885 ||| Stepping ~*~*~tactically~*~*~ (hiding).
 10886 | Lair:3   | 10886 ||| Stepping ~*~*~tactically~*~*~ (hiding).
 10988 | Lair:3   | 10988 ||| INVOKING Heroism.
 11003 | Lair:3   | Reached skill level 6 in Invocations
 11281 | Lair:3   | 11281 ||| READING scroll labelled VUWKAPS ACLO.
 11332 | Lair:4   | 11332 ||| Stepping ~*~*~tactically~*~*~ (stealth).
 11343 | Lair:4   | Received a gift from Okawaru
 11344 | Lair:4   | Reached XP level 13. HP: 80/83 MP: 16/18
 11351 | Lair:4   | 11351 ||| INVOKING Heroism.
 11394 | Lair:4   | 11394 ||| FLEEEEING.
 11395 | Lair:4   | 11395 ||| STAIRDANCE
 11448 | Lair:4   | 11448 ||| INVOKING Heroism.
 11464 | Lair:4   | 11464 ||| Stepping ~*~*~tactically~*~*~ (stealth).
 11465 | Lair:4   | 11465 ||| Stepping ~*~*~tactically~*~*~ (stealth).
 11467 | Lair:4   | 11467 ||| Stepping ~*~*~tactically~*~*~ (stealth).
 11485 | Lair:4   | 11485 ||| STAIRDANCE
 11609 | Lair:4   | 11609 ||| INVOKING Heroism.
 11612 | Lair:4   | 11612 ||| Stepping ~*~*~tactically~*~*~ (stealth).
 11614 | Lair:4   | 11614 ||| SWAPPING to +0 morningstar.
 11622 | Lair:4   | HP: 17/84 [four-headed hydra (6)]
 11623 | Lair:4   | 11623 ||| READING 2 scrolls of teleportation.
 11628 | Lair:4   | 11628 ||| SWAPPING to +0 spectral war axe.
 11641 | Lair:4   | 11641 ||| Stepping ~*~*~tactically~*~*~ (stealth).
 11642 | Lair:4   | 11642 ||| Stepping ~*~*~tactically~*~*~ (stealth).
 11643 | Lair:4   | 11643 ||| Stepping ~*~*~tactically~*~*~ (stealth).
 11644 | Lair:4   | 11644 ||| Stepping ~*~*~tactically~*~*~ (stealth).
 11647 | Lair:4   | 11647 ||| SWAPPING to +0 morningstar.
 11649 | Lair:4   | 11649 ||| SWAPPING to +0 spectral war axe.
 11652 | Lair:4   | HP: 17/84 [black mamba (8)]
 11653 | Lair:4   | 11653 ||| READING scroll of teleportation.
 11655 | Lair:4   | Reached ***** piety under Okawaru
 12092 | Lair:4   | 12092 ||| Stepping ~*~*~tactically~*~*~ (stealth).
 12094 | Lair:4   | 12094 ||| Stepping ~*~*~tactically~*~*~ (stealth).
 12399 | Lair:4   | 12399 ||| READING scroll labelled FICRAV XEQICW.
 12399 | Lair:4   | Identified a scroll of acquirement
 12399 | Lair:4   | 12399 ||| ACQUIRING +8 mithril axe "Arga" {speed, Will+}
 12399 | Lair:4   | Acquired the +8 mithril axe "Arga" {speed, Will+}
 12399 | Lair:4   | Found the +8 mithril axe "Arga" {speed, Will+}
 12401 | Lair:4   | 12401 ||| SWAPPING to +8 mithril axe "Arga" {speed, Will+}.
 12402 | Lair:4   | 12402 ||| READING scroll labelled OSIAPNUEJ.
 12403 | Lair:4   | 12403 ||| READING 12 scrolls of identify.
 12403 | Lair:4   | 12403 ||| IDENTIFYING murky silvery potion
 12423 | Lair:5   | Entered Level 5 of the Lair of Beasts
 12424 | Lair:5   | 12424 ||| PLANNING GAUNTLET
 12441 | Lair:5   | 12441 ||| Stepping ~*~*~tactically~*~*~ (stealth).
 12443 | Lair:5   | 12443 ||| Stepping ~*~*~tactically~*~*~ (stealth).
 12445 | Lair:5   | 12445 ||| INVOKING Heroism.
 12476 | Lair:5   | 12476 ||| INVOKING Heroism.
 12478 | Lair:5   | Identified the +1 cloak of Muposib {rPois rF++ Str-2
                  | Stlth+} (Okawaru gifted it to you on level 5 of the Lair of
                  | Beasts)
 12478 | Lair:5   | Received a gift from Okawaru
 12479 | Lair:5   | Reached skill level 9 in Invocations
 12491 | Lair:5   | Found a gate leading to a gauntlet.
 12492 | Lair:5   | 12492 ||| UPGRADING to +1 cloak of Muposib {rPois rF++
                  | Str-2 Stlth+}.
 12539 | Gauntlet | Entered a Gauntlet
 12539 | Gauntlet | Found a transporter.
 12542 | Gauntlet | Found a transporter.
 12552 | Gauntlet | Found a transporter.
 12553 | Gauntlet | Found a transporter.
 12560 | Gauntlet | Found a transporter.
 12560 | Gauntlet | Found a transporter.
 12563 | Gauntlet | Found a transporter.
 12566 | Gauntlet | Found a transporter.
 12591 | Gauntlet | Found a transporter.
 12591 | Gauntlet | Found a transporter.
 12593 | Gauntlet | Found a runed translucent door.
 12597 | Gauntlet | Found a transporter.
 12604 | Gauntlet | Found a runed translucent door.
 12638 | Gauntlet | Found a transporter.
 12735 | Gauntlet | 12735 ||| INVOKING Heroism.
 12738 | Gauntlet | 12738 ||| INVOKING Finesse.
 12889 | Gauntlet | Identified the +0 helmet "Vaisoroa" {rElec Stlth+}
 12893 | Gauntlet | 12893 ||| DROPPING +0 helmet "Vaisoroa" {rElec Stlth+}.
 12912 | Gauntlet | 12912 ||| DROPPING ring of fire.
 12913 | Gauntlet | 12913 ||| UPGRADING to ring of protection from fire.
 12941 | Gauntlet | Noticed a minotaur
 12942 | Gauntlet | 12942 ||| INVOKING Heroism.
 12952 | Gauntlet | Killed a minotaur
 13113 | Gauntlet | Identified the +1 ring mail of Arupt {rF+}
 13167 | Gauntlet | 13167 ||| UPGRADING to ring of protection from cold.
 13216 | Lair:5   | 13216 ||| PLANNING LAIR
 13259 | Lair:5   | 13259 ||| INVOKING Heroism.
 13279 | Lair:5   | 13279 ||| SWAPPING to +0 morningstar.
 13281 | Lair:5   | HP: 19/84 [sea snake (12)]
 13286 | Lair:5   | HP: 15/84 [snapping turtle (3)]
 13287 | Lair:5   | HP: 6/84 [four-headed hydra (10)]
 13289 | Lair:5   | Slain by a four-headed hydra

Levels and vault maps discovered:
D:1:      nzn_arrival_crosshair, layout_basic
D:2:      layout_basic, nicolae_nh_oracle_at_delphi, uniq_natasha, uniq_robin
D:3:      layout_basic, mainiacjoe_overflow_paths, mainiacjoe_overflow_brackets,
          serial_shops, nicolae_shop_drivethru, shop,
          nicolae_shop_rolling_square, uniq_crazy_yiuf_cottage
D:4:      layout_cave_pods, nicolae_gozag_zags_fifth_avenue,
          mainiacjoe_overflow_boulevard, nicolae_wu_jian_wuxing_cycle,
          minmay_temple_entry_slanted, gammafunk_ghost_grave,
          dreamdust_wishing_well, columned_hall_lemuel, nicolae_shop_gadgets
D:5:      layout_basic, general_overflow_altar, uniq_prince_ribbit1,
          uniq_grinder, uniq_blork_the_orc
D:6:      layout_loops_ring, nicolae_dithmenos_the_darkroom, uniq_menkaure,
          uniq_maggie, uniq_pikel
D:7:      layout_basic, lemuel_coloured_pillars_altar,
          nicolae_sif_muna_little_library, mainiacjoe_overflow_six_doors_small
D:8:      layout_rooms, tgw_trog, erik_lair_island, serial_shops,
          nicolae_shop_hallway_plus, enter_bailey_3,
          hellmonk_guarded_unrand_lears
Temple:   hellmonk_temple_rainy
Lair:1:   layout_chaotic_city, infiniplex_staircase_pool
Lair:2:   beast_lair_carwin_large_4, layout_loops_ring,
          skrybe_swamp_entry_bodies, nicolae_snake_entry_warm_welcome,
          grunt_megastairs_3
Lair:3:   layout_misc_corridors, cheibrodos_lair_lostbears, uniq_nergalle
Lair:4:   layout_misc_corridors, minivault_19, chequers_serial_rivers_marsh
Lair:5:   gammafunk_lair_ancient_temple, layout_loops_ring,
          dpeg_slime_entry_enclosed, gauntlet_entry_generic

Skill      XL: |  1  2  3  4  5  6  7  8  9 10 11 12 13 |
---------------+----------------------------------------+-----
Axes           | 2 3 4 5 6 9 10 11 12 14 | 14.6
Throwing       | 1 3 4 |  4.0
Fighting       | 5 6 7 8 10 11 | 11.0
Dodging        | 1 2 |  2.0
Armour         | 4 5 8 9 10 | 10.0
Shields        | 5 6 7 |  7.0
Invocations    | 4 6 10 | 10.0

Action                     |  1- 3 |  4- 6 |  7- 9 | 10-12 | 13-15 || total
---------------------------+-------+-------+-------+-------+-------++-------
  Melee: War axe           |    67 |    84 |   171 |   383 |    75 ||   780
         Morningstar       |       |       |       |    20 |    22 ||    42
         Broad axe         |       |       |       |       |   105 ||   105
  Throw: Javelin           |     4 |    18 |    10 |       |     7 ||    39
         Boomerang         |       |    21 |    42 |    14 |    34 ||   111
 Invoke: Heroism           |       |       |       |    27 |     8 ||    35
         Finesse           |       |       |       |       |     1 ||     1
    Use: Scroll            |       |    13 |     4 |     6 |     5 ||    28
         Potion            |       |     1 |     1 |     3 |       ||     5
   Stab: Distracted        |       |       |       |     8 |     4 ||    12
 Armour: Scale mail        |    20 |       |       |       |       ||    20
         Chain mail        |    23 |    62 |    74 |    98 |       ||   257
         Plate armour      |       |       |       |   166 |   126 ||   292
  Dodge: Dodged            |    27 |    35 |    40 |   154 |    57 ||   313
  Block: Buckler           |    15 |    15 |    32 |   114 |    40 ||   216

Table legend:
 A = Non-vault XP
 B = Vault XP
 C = Vault XP percentage of total XP
 D = Non-vault monster count
 E = Vault monster count
 F = Vault count percentage of total count
                 A         B        C        D         E       F
            +---------+---------+-------+---------+---------+-------
      Total |   36187 |   15637 |  30.2 |     251 |      67 |  21.1
            +---------+---------+-------+---------+---------+-------
        D:1 |      17 |       0 |   0.0 |      10 |       0 |   0.0
        D:2 |      54 |      68 |  55.7 |      14 |      11 |  44.0
        D:3 |      28 |       0 |   0.0 |      13 |       0 |   0.0
        D:4 |     127 |       0 |   0.0 |      13 |       0 |   0.0
        D:5 |     774 |     623 |  44.6 |      13 |       3 |  18.8
        D:6 |     977 |    1250 |  56.1 |      26 |       3 |  10.3
        D:7 |     964 |       0 |   0.0 |      18 |       0 |   0.0
        D:8 |    1462 |    1673 |  53.4 |      28 |      12 |  30.0
     Lair:1 |    5025 |       0 |   0.0 |      28 |       0 |   0.0
     Lair:2 |    5621 |    5515 |  49.5 |      20 |      25 |  55.6
     Lair:3 |    4988 |    1979 |  28.4 |      18 |       5 |  21.7
     Lair:4 |   10195 |       0 |   0.0 |      28 |       0 |   0.0
     Lair:5 |    5955 |    1023 |  14.7 |      22 |       2 |   8.3
   Gauntlet |       0 |    3506 | 100.0 |       0 |       6 | 100.0
            +---------+---------+-------+---------+---------+-------
